 Dungeon Sprint DCSS version 0.29.1-14-g9c671dbff4 (webtiles) character file.

Game seed: 8904757496746139882

10704 Groucho the Unseen (level 11, -21/47 HPs)
             Began as a Spriggan Enchanter on Feb 12, 2023.
             Was the Champion of Dithmenos.
             Killed from afar by an iron elemental (30 damage)
             ... with a spray of metal splinters
             ... in the Dungeon (Sprint II: "The Violet Keep of Menkaure").
             The game lasted 00:11:43 (1152 turns).

Groucho the Unseen (Spriggan Enchanter)             Turns: 1152, Time: 00:11:43

Health: -21/47     AC:  3    Str:  8    XL:     11   Next: 39%
Magic:  3/39       EV: 25    Int: 17    God:    Dithmenos [******]
Gold:   564        SH:  0    Dex: 16    Spells: 22/39 levels left

rFire   + . .      SeeInvis +   a - +1 dagger
rCold   + . .      Faith    .   (no shield)
rNeg    . . .      Spirit   .   b - +0 robe
rPois   +          Reflect  .   (helmet restricted)
rElec   .          Harm     .   f - +0 cloak of Benevolence {rF+ MP+9}
rCorr   .          Rampage  .   (gloves unavailable)
Will    +....      NoTele   +   (boots unavailable) Stlth ****++++++
                                (no amulet)
HPRegen 0.15/turn               j - ring of flight
MPRegen 0.26/turn               k - ring of poison resistance

@: flying, slowed, wreathed by umbra, quick
A: very small, no large weapons, unfitting armour, see invisible, speed 3, cold
resistance 1
a: Renounce Religion, Shadow Step, Shadow Form


You were in the Dungeon.
You worshipped Dithmenos.
Dithmenos was exalted by your worship.
You visited 1 branch You collected 1458 gold pieces.
You spent 894 gold pieces at shops.

Inventory:

Hand Weapons
 a - a +1 dagger (weapon)
Armour
 b - a +0 robe (worn)
 f - the +0 cloak of Benevolence (worn) {rF+ MP+9}
   (You bought it in a shop in the Dungeon)

   rF:        It protects you from fire.
   MP:        It affects your magic capacity (+9).
Jewellery
 c - an amulet of faith
 e - a ring of willpower
 j - a ring of flight (left hand)
 k - a ring of poison resistance (right hand)
Potions
 g - 20 potions of magic
 h - a potion of berserk rage
 l - 3 potions of flight {unknown}
 m - 3 potions of mutation {unknown}


   Skills:
 - Level 10.0 Short Blades
 + Level 12.2 Dodging
 - Level 18.8 Stealth
 + Level 14.9 Spellcasting
 * Level 8.6 Conjurations
 - Level 14.0 Hexes
 * Level 10.2 Earth Magic


You had 22 spell levels left.
You knew the following spells:

 Your Spells              Type           Power      Damage    Failure   Level
a - Ensorcelled Hibernat  Hex/Ice        72%        N/A       1%          2
b - Confusing Touch       Hex            57%        N/A       1%          3
c - Dazzling Flash        Conj/Hex       100%       N/A       1%          3
d - Tukima's Dance        Hex            57%        N/A       1%          3
e - Sandblast             Erth           94%        2d19      1%          1
f - Passwall              Tmut/Erth      25%        N/A       1%          2
g - Stone Arrow           Conj/Erth      88%        3d12      1%          3

Your spell library contained the following spells:

 Spells                   Type           Power      Damage    Failure   Level
 Anguish                  Hex/Necr       18%        N/A       3%          4
 Enfeeble                 Hex            28%        N/A       14%         7


Dungeon Overview and Level Annotations

Branches:
Dungeon (1/1)

Altars:
Cheibriados
Dithmenos
Elyvilon
Fedhas
Gozag
Hepliaklqana
Kikubaaqudgha
Makhleb
Nemelex Xobeh
Okawaru
Qazlal
Ru
Sif Muna
Trog
Uskayaw
Vehumet
Wu Jian
Xom
Yredelemnul
Zin
The Shining One
Jiyva
Lugonu

Shops:
D :=*!?=?[?:!!*[(!=[[:

Annotations:
D exclusions: oklob plant and orange crystal statue


Innate Abilities, Weirdness & Mutations

You are very small and have problems with some larger weapons.
You are too small for most types of armour.
You have supernaturally acute eyesight. (SInv)
You cover ground extremely quickly. (Speed+++)
Your flesh is cold resistant. (rC+)


Message History

The shadow shard hits the iron elemental.
Unknown command.
Unknown command.
Casting: Stone Arrow (safe; 1% risk of failure)
Confirm with . or Enter, or press ? or * to list all spells.
Aiming: Stone Arrow (safe; 1% risk of failure)
Press: ? - help, Shift-Dir - straight line, f/p - iron elemental
Aim: an iron elemental (black smoke, almost destroyed, umbra, 100% to hit)
The stone arrow hits the iron elemental but does no damage.
The iron elemental is almost destroyed.
Your shadow mimicks your spell!
The shadow shard hits the iron elemental but does no damage.
The iron elemental closely misses you.
Unknown command.
Casting: Stone Arrow (safe; 1% risk of failure)
Confirm with . or Enter, or press ? or * to list all spells.
You don't have enough magic to cast this spell.
Unknown command.
Unknown command.
Unknown command.
Okay, then.
Casting: Stone Arrow (safe; 1% risk of failure)
Confirm with . or Enter, or press ? or * to list all spells.
Aiming: Sandblast (safe; 1% risk of failure)
Press: ? - help, Shift-Dir - straight line, f/p - iron elemental
Aim: an iron elemental (black smoke, almost destroyed, umbra, 100% to hit)
The blast of sand hits the iron elemental but does no damage.
The iron elemental is almost destroyed.
The iron elemental misses you.
The iron elemental completely misses you.
Unknown command.
Unknown command.
Unknown command.
The iron elemental closely misses you.
There is an open door here.
There is a large open door here.
The iron elemental gestures at you. The spray of metal splinters hits you!!
Ouch! That really hurt!
You die...

###### #)}}?#
###)!")##▓
#.$?$$.).▓
#..=..$.$▓
#⌠?.$$# ##$$@$#
##''## ##
##≈...### ~##
#)§.....#
#~~#+++#
####.E^.# ~~~....
#.†'....# ~~~~.#
..#.†####.#
~~~~##
####.####§§'.##.#
~~~~#.##..#
...#§§#.^§####


You could see an iron elemental.

Vanquished Creatures
  A deep elf master archer (D)
  Nessos (D)
  An ice dragon (D)
  A great orb of eyes (D)
  2 boulder beetles (D)
  3 shining eyes (D)
  2 unseen horrors (D)
  2 cane toads (D)
  A yaktaur (D)
  3 polar bears (D)
  A hornet (D)
  2 wyverns (D)
  3 yaks (D)
  4 neqoxecs (D)
  Menkaure (D)
  8 water moccasins (D)
  3 black bears (D)
  4 scorpions (D)
  9 electric eels (D)
  4 orc priests (D)
56 creatures vanquished.

Notes
Turn   | Place    | Note
-------+----------+-------------------------------------------
     0 | D        | Groucho the Spriggan Enchanter began the quest for the Orb.
     0 | D        | Reached XP level 1. HP: 9/9 MP: 5/5
     3 | D        | Noticed a neqoxec
     3 | D        | Noticed a neqoxec
     3 | D        | Noticed a neqoxec
     3 | D        | Noticed a neqoxec
     6 | D        | Noticed a boulder beetle
     6 | D        | Noticed a boulder beetle
    10 | D        | Noticed a scorpion
    10 | D        | Noticed a scorpion
    12 | D        | Noticed a scorpion
    12 | D        | Noticed a scorpion
    13 | D        | Killed a scorpion
    14 | D        | Reached skill level 8 in Stealth
    14 | D        | Reached skill level 5 in Hexes
    14 | D        | Reached XP level 2. HP: 13/13 MP: 5/8
    14 | D        | Reached XP level 3. HP: 16/16 MP: 6/10
    14 | D        | Killed a scorpion
    15 | D        | Reached skill level 10 in Stealth
    15 | D        | Reached skill level 5 in Spellcasting
    15 | D        | Reached XP level 4. HP: 21/21 MP: 6/12
    16 | D        | Killed a scorpion
    17 | D        | Reached skill level 5 in Short Blades
    17 | D        | Reached skill level 11 in Stealth
    17 | D        | Reached XP level 5. HP: 24/24 MP: 6/14
    20 | D        | Reached skill level 12 in Stealth
    28 | D        | Killed a neqoxec
    29 | D        | Reached skill level 13 in Stealth
    29 | D        | Reached XP level 6. HP: 28/28 MP: 6/17
    30 | D        | Killed a neqoxec
    31 | D        | Reached skill level 14 in Stealth
    32 | D        | Killed a neqoxec
    33 | D        | Reached skill level 15 in Stealth
    33 | D        | Reached XP level 7. HP: 32/32 MP: 7/20
    34 | D        | Killed a neqoxec
    35 | D        | Reached skill level 16 in Stealth
    41 | D        | Noticed a wyvern
    41 | D        | Noticed a wyvern
    44 | D        | Killed a wyvern
    47 | D        | Killed a wyvern
    48 | D        | Reached skill level 17 in Stealth
    48 | D        | Reached skill level 10 in Hexes
    48 | D        | Reached XP level 8. HP: 34/36 MP: 8/22
    54 | D        | Killed a boulder beetle
    55 | D        | Reached skill level 18 in Stealth
    55 | D        | Reached skill level 10 in Spellcasting
    62 | D        | Killed a boulder beetle
    63 | D        | Reached skill level 10 in Short Blades
    63 | D        | Reached XP level 9. HP: 38/39 MP: 9/25
    71 | D        | Found Buedos's Distillery.
    71 | D        | Found Qoityab's Book Shop.
    71 | D        | Found Cupt's Assorted Antiques.
    71 | D        | Found Qelob's Distillery.
    72 | D        | Found Jachomo's Armour Shop.
    72 | D        | Found Xoj Jotz's Antique Weapon Boutique.
    72 | D        | Found Qufir's Antique Armour Shop.
    72 | D        | Found Vuthrioth's Antique Armour Boutique.
    72 | D        | Found Zoruox's Magic Scroll Shop.
    72 | D        | Found Dimyhyv's Jewellery Boutique.
    76 | D        | Learned a level 2 spell: Ensorcelled Hibernation
    80 | D        | Learned a level 3 spell: Confusing Touch
    84 | D        | Learned a level 3 spell: Dazzling Flash
    88 | D        | Learned a level 3 spell: Tukima's Dance
    88 | D        | Found Teorphimp's Jewellery Boutique.
    88 | D        | Found Vufi's Distillery.
    88 | D        | Found Hebbiy's Magic Scroll Shop.
    88 | D        | Found Tuth's Distillery.
   176 | D        | Noticed an oklob plant
   177 | D        | Found Xauxixiv's Book Shoppe.
   199 | D        | Bought a book of Geomancy for 234 gold pieces
   201 | D        | Learned a level 1 spell: Sandblast
   204 | D        | Learned a level 2 spell: Passwall
   208 | D        | Learned a level 3 spell: Stone Arrow
   228 | D        | Bought a dazzling cloak for 285 gold pieces
   228 | D        | Identified the +0 cloak of Benevolence {rF+ MP+9} (You
                  | bought it in a shop in the Dungeon)
   356 | D        | Bought a ring of flight for 175 gold pieces
   357 | D        | Bought a ring of poison resistance for 200 gold pieces
   376 | D        | Noticed Menkaure
   382 | D        | Found a blossoming altar of Fedhas.
   382 | D        | Found an opulent altar of Gozag.
   383 | D        | Found a white marble altar of Elyvilon.
   383 | D        | Found a burning altar of Makhleb.
   383 | D        | Found a sparkling altar of Nemelex Xobeh.
   392 | D        | Found a shadowy altar of Dithmenos.
   392 | D        | Found a corrupted altar of Lugonu.
   393 | D        | Found a snail-covered altar of Cheibriados.
   393 | D        | Found an ancient bone altar of Kikubaaqudgha.
   393 | D        | Found a bloodstained altar of Trog.
   397 | D        | Found an iron altar of Okawaru.
   397 | D        | Found a radiant altar of Vehumet.
   400 | D        | Found a hide-covered altar of Uskayaw.
   400 | D        | Noticed a polar bear
   403 | D        | Found a glowing silver altar of Zin.
   405 | D        | Noticed an orange crystal statue
   417 | D        | Found a shimmering blue altar of Sif Muna.
   417 | D        | Found a basalt altar of Yredelemnul.
   417 | D        | Found a viscous altar of Jiyva.
   421 | D        | Found an ornate altar of the Wu Jian Council.
   421 | D        | Found a shimmering altar of Xom.
   421 | D        | Found a sacrificial altar of Ru.
   421 | D        | Found a glowing golden altar of the Shining One.
   421 | D        | Found a stormy altar of Qazlal.
   421 | D        | Found a hazy altar of Hepliaklqana.
   428 | D        | Became a worshipper of Dithmenos the Shadowed
   440 | D        | Killed Menkaure
   441 | D        | Reached skill level 1 in Conjurations
   441 | D        | Reached skill level 1 in Earth Magic
   631 | D        | Reached * piety under Dithmenos
   702 | D        | Reached ** piety under Dithmenos
   713 | D        | Reached *** piety under Dithmenos
   733 | D        | Found Filoo's Armour Boutique.
   737 | D        | Found Lokyhap's Book Shoppe.
   748 | D        | Reached **** piety under Dithmenos
   767 | D        | Found Sog Wami's Jewellery Shoppe.
   819 | D        | Found Archuaqih's Magic Scroll Emporium.
   821 | D        | Found Joupoem's General Store.
   825 | D        | Noticed Nessos
   828 | D        | Killed Nessos
   829 | D        | Reached skill level 5 in Earth Magic
   829 | D        | Reached XP level 10. HP: 41/44 MP: 27/27
   905 | D        | Reached ***** piety under Dithmenos
   908 | D        | Reached skill level 5 in Conjurations
   936 | D        | Noticed a shining eye
   937 | D        | Noticed a shining eye
   937 | D        | Noticed a shining eye
   937 | D        | Gained mutation: Your flesh is cold resistant. (rC+) [a
                  | shining eye]
   938 | D        | Killed a shining eye
   939 | D        | Reached skill level 10 in Dodging
   940 | D        | Killed a shining eye
   946 | D        | Killed a shining eye
  1054 | D        | Noticed a deep elf master archer
  1060 | D        | Killed a deep elf master archer
  1060 | D        | Reached ****** piety under Dithmenos
  1061 | D        | Reached XP level 11. HP: 47/47 MP: 30/30
  1091 | D        | Noticed an iron elemental
  1091 | D        | Noticed an ice dragon
  1091 | D        | Noticed a great orb of eyes
  1093 | D        | Killed a great orb of eyes
  1095 | D        | Killed an ice dragon
  1117 | D        | Reached skill level 10 in Earth Magic
  1152 | D        | Killed from afar by an iron elemental

Illustrated notes

Levels and vault maps discovered:
D:        the_violet_keep_of_menkaure [sprint2_stairs_cluster_1,
          sprint2_shoproom, sprint2_temple, sprint2_basic_supplies,
          sprint2_obstacle_7, sprint2_obstacle_4, sprint2_obstacle_3,
          sprint2_obstacle_5, sprint2_obstacle_1, sprint2_timed_cluster_1,
          sprint2_smallroom_cluster_1, sprint2_smallroom_final_cluster_1,
          sprint2_transparent_cluster_1, sprint2_second_timed_cluster_1,
          sprint2_sniper_area_1, sprint2_heavy_combat_area_1,
          sprint2_mutation_trap_area_1, sprint2_forest_area_1,
          sprint2_light_combat_area_1, sprint2_behind_water_1,
          sprint2_near_end_vault_1]

Skill      XL: |  1  2  3  4  5  6  7  8  9 10 11 |
---------------+----------------------------------+-----
Short Blades   | 3 4 5 6 7 8 10 | 10.0
Stealth        | 8 10 11 13 15 17 18 | 18.8
Spellcasting   | 4 5 6 7 8 9 11 12 14 | 14.9
Hexes          | 5 6 8 9 10 12 13 14 | 14.0
Dodging        | 6 8 11 12 | 12.2
Conjurations   | 4 7 8 |  8.6
Earth Magic    | 5 8 10 | 10.2

Action                   |  1- 3 |  4- 6 |  7- 9 | 10-12 || total
-------------------------+-------+-------+-------+-------++-------
Melee: Dagger            |     2 |     5 |    42 |    38 ||    87
       Punch             |       |       |       |     1 ||     1
 Cast: Ensorcelled Hiber |       |       |     8 |    14 ||    22
       Passwall          |       |       |     7 |     1 ||     8
       Confusing Touch   |       |       |     1 |     3 ||     4
       Dazzling Flash    |       |       |       |     3 ||     3
       Stone Arrow       |       |       |       |     7 ||     7
       Sandblast         |       |       |       |     3 ||     3
Invok: Shadow Step       |       |       |     1 |       ||     1
  Use: Potion            |     2 |       |     2 |     1 ||     5
       Scroll            |       |       |       |     1 ||     1
 Stab: Sleeping          |     2 |     5 |    18 |    21 ||    46
       Invisible         |       |       |     6 |     2 ||     8
       Confused          |       |       |     1 |     3 ||     4
Armor: Robe              |       |       |       |     1 ||     1
Dodge: Dodged            |       |       |     8 |    32 ||    40
